 Dungeon Crawl Stone Soup version 0.30-a0-853-g561648f (webtiles) character file.

Game seed: 12688736809099367888

158 Dorkslayer the Trooper (level 5, -1/42 HPs)
             Began as a Merfolk Fighter on Mar 4, 2023.
             Killed from afar by Ijyb (25 damage)
             ... with a bolt of acid
             ... on level 3 of the Dungeon.
             The game lasted 00:06:29 (2246 turns).

Dorkslayer the Trooper (Merfolk Fighter)            Turns: 2246, Time: 00:06:30

Health: -1/42      AC:  4    Str: 18    XL:     5   Next: 39%
Magic:  5/5        EV:  8    Int:  8    God:
Gold:   181        SH:  5    Dex: 13    Spells: 4/4 levels left

rFire   . . .      SeeInvis .    a - +0 trident
rCold   . . .      Faith    .    c - +0 buckler
rNeg    . . .      Spirit   .    k - +1 chain mail of a sewer {Will+}
rPois   .          Reflect  .    (no helmet)
rElec   .          Rampage  .    g - +1 cloak
rCorr   .                        (no gloves)
Will    +....                    (no boots) Stlth
                                 (no amulet)
HPRegen 0.27/turn                (no ring)
MPRegen 0.09/turn                (no ring)

@: mighty, corroded
A: (nimble swimmer 2), mertail
a: no special abilities


You were on level 3 of the Dungeon.
You visited 1 branch of the dungeon, and saw 3 of its levels.

You collected 181 gold pieces.

Inventory:

Hand Weapons
 a - a +0 trident (weapon)
Armour
 c - a +0 buckler (worn)
 g - a +1 cloak (worn)
 k - the +1 chain mail of a sewer (worn) {Will+}
   (You found it on level 3 of the Dungeon)

   Will:      It increases your willpower.
Jewellery
 p - an amulet of faith
Scrolls
 f - a scroll of fog
 h - a scroll of poison {unknown}
 j - a scroll of teleportation
 l - a scroll of enchant weapon {unknown}
 n - a scroll of vulnerability {unknown}
 o - a scroll of magic mapping {unknown}
 q - a scroll of immolation {unknown}
Potions
 b - a potion of curing
 d - a potion of might
 e - a potion of haste {unknown}
 m - a potion of attraction {unknown}


   Skills:
 + Level 3.9 Fighting
 + Level 3.6 Polearms
 + Level 2.7 Armour
 * Level 3.6 Dodging
 + Level 3.6 Shields


You had 4 spell levels left.
You didn't know any spells.
Your spell library contained the following spells:

 Spells                   Type           Power      Damage    Failure   Level
 Dazzling Flash           Conj/Hex       0%         N/A       100%        3
 Leda's Liquefaction      Hex/Erth       0%         N/A       100%        4
 Lee's Rapid Deconstruct  Erth           0%         3d4*      100%        5
 Silence                  Hex/Air        0%         N/A       100%        5


Dungeon Overview and Level Annotations

Branches:
Dungeon (3/15)

Altars:

Shops:
D:1 (   D:3 (

Annotations:
D:3 Ijyb


Innate Abilities, Weirdness & Mutations

((You are very nimble when in or above water. (Stealth+, EV+, Speed+++)))
Your lower body shifts to a powerful aquatic tail in water.


Message History

The adder bites you but does no damage.
You puncture the adder!
You kill the adder!
Things that are here:
a +0 club; a goblin corpse Ijyb the Twisted Goblin comes into view.
She is wielding a +0 club, wearing a +3 ring mail of cold resistance and carrying a wand of acid (9).
Ijyb shouts!
Reach: a) +0 trident
Press: ? - help, Dir - move target, f - Ijyb
Aim: Ijyb, wielding a +0 club, wearing a +3 ring mail of cold resistance and carrying a wand of acid (9) (about 47% to evade your +0 trident)
You reach to attack!
You hit Ijyb but do no damage. You closely miss Ijyb.
Ijyb completely misses you.
You closely miss Ijyb.
Ijyb zaps a wand.
The bolt of acid hits you! The acid corrodes you! Ijyb hits you with a +0 club.
You barely miss Ijyb.
Ijyb zaps a wand.
The bolt of acid hits you! The acid corrodes you!
You hit Ijyb but do no damage. Ijyb hits you with a +0 club.
You feel very mighty all of a sudden. Ijyb screams, "I cut your head off!"
Ijyb zaps a wand.
The bolt of acid hits you!
* * * LOW HITPOINT WARNING * * *
You feel much better. You block Ijyb's attack.
You barely miss Ijyb. Ijyb hits you with a +0 club.
You hit Ijyb.
Ijyb is lightly wounded.
You block Ijyb's attack.
You closely miss Ijyb.
Ijyb is lightly wounded.
Ijyb hits you with a +0 club. Ijyb hits you but does no damage.
You hit Ijyb but do no damage.
Ijyb is lightly wounded.
You block Ijyb's attack.
You closely miss Ijyb.
Ijyb is lightly wounded.
Ijyb barely misses you.
You closely miss Ijyb.
Ijyb is lightly wounded.
Ijyb zaps a wand.
The bolt of acid hits you!!
Ouch! That really hurt!
You die...

..##.# #.###..#.#
.....######†.......##
.......)............+
....∩#########...#.##
#.##.### #.#..##.#
.......# ##.#.#.##
####.#.# ##...##
###'## ##.## #...#
#@# # #...# #g# ##
#...# #.# .# ######
#.# .###.# #.# .....#
#.. .##### ### .# .#


You could see Ijyb.

Vanquished Creatures
  Jessica (D:2)
  An orc wizard (D:2)
  3 adders
  2 worms (D:3)
  2 dart slugs (D:2)
  5 orcs
  8 bats
  6 endoplasms
  2 giant cockroaches (D:2)
  9 goblins
  4 hobgoblins
  2 jackals (D:2)
  2 kobolds (D:2)
  2 quokkas
  5 ball pythons
  6 frilled lizards
  4 rats
64 creatures vanquished.

Notes
Turn   | Place    | Note
-------+----------+-------------------------------------------
     0 | D:1      | Dorkslayer the Merfolk Fighter began the quest for the Orb.
     0 | D:1      | Reached XP level 1. HP: 18/18 MP: 1/1
   115 | D:1      | Found a faded altar of an unknown god.
   199 | D:1      | Reached skill level 1 in Dodging
   215 | D:1      | Reached XP level 2. HP: 24/24 MP: 2/2
   321 | D:1      | Found Jeurche's Antique Weapon Shop.
   711 | D:2      | Reached XP level 3. HP: 28/29 MP: 3/3
   789 | D:2      | Got Qaigioj's Treatise on Topography and Curses
   911 | D:2      | Noticed Jessica
   925 | D:2      | Killed Jessica
   926 | D:2      | Reached XP level 4. HP: 13/37 MP: 4/4
  1511 | D:3      | Reached XP level 5. HP: 41/42 MP: 5/5
  1577 | D:3      | Identified the +1 chain mail of a sewer {Will+}
  1885 | D:3      | Found Porotz's Weapon Boutique.
  2231 | D:3      | Noticed Ijyb
  2246 | D:3      | Killed from afar by Ijyb

Illustrated notes

Levels and vault maps discovered:
D:1:      dpeg_arrival_rooms_c, layout_loops_ring, basic_ecumenical_altar,
          serial_shops, shop
D:2:      layout_rooms, uniq_jessica
D:3:      minmay_door_path, layout_loops_corners, serial_shops, shop,
          eino_tiny_chamber, minmay_between, uniq_ijyb

Skill      XL: |  1  2  3  4 |
---------------+-------------+-----
Dodging        | 1 2 3 |  3.6
Polearms       | 3 |  3.6
Fighting       | |  3.9
Armour         | |  2.7
Shields        | |  3.6

Action                     |  1- 3 |  4- 6 || total
---------------------------+-------+-------++-------
  Melee: Trident           |   109 |   143 ||   252
    Use: Potion            |     1 |     5 ||     6
         Scroll            |       |     3 ||     3
 Armour: Scale mail        |    56 |     9 ||    65
         Chain mail        |       |    69 ||    69
  Dodge: Dodged            |    41 |    46 ||    87
  Block: Buckler           |    20 |    29 ||    49

Table legend: (Time is in decaauts)
 A = Elapsed time spent in this place.
 B = Non-inter-level travel time spent in this place.
 C = Inter-level travel time spent in this place.
 D = Time resting spent in this place.
 E = Time spent auto-exploring this place.
 F = Levels seen in this place.
 G = Mean time per level.
                   A        B        C        D        E       F      G
               +--------+--------+--------+--------+--------+-----+--------+
         Total |   2288 |   2288 |      0 |    123 |   1025 |   3 |  762.7 |
       Dungeon |   2288 |   2288 |      0 |    123 |   1025 |   3 |  762.7 |
               +--------+--------+--------+--------+--------+-----+--------+

Top non-repeatable levels by time:
     D:3: 862 daAuts
     D:2: 745 daAuts
     D:1: 680 daAuts
